 Dungeon Crawl Stone Soup version 0.31-a0-949-g57150269e1 (webtiles) character file.

Game seed: 1015697113338203006

679 Arex the Trooper (level 7, -1/55 HPs)
             Began as a Demonspawn Fighter on Oct 22, 2023.
             Was a Follower of Okawaru.
             Killed from afar by a white imp (12 damage)
             ... with a puff of frost
             ... on level 5 of the Dungeon.
             The game lasted 00:05:18 (3850 turns).

Arex the Trooper (Demonspawn Fighter)               Turns: 3850, Time: 00:05:18

Health: -1/55      AC: 11    Str: 18    XL:     7   Next: 34%
Magic:  9/9        EV:  9    Int: 10    God:    Okawaru [*.....]
Gold:   274        SH:  9    Dex: 18    Spells: 6/6 levels left

rFire   . . .        a - +0 trident
rCold   . . .        c - +0 buckler
rNeg    . . .        b - +0 scale mail
rPois   .            p - +0 helmet
rElec   .            o - +0 cloak
rCorr   .            (no gloves)
SInv    +            (no boots)
Will    .....        (no amulet) Stlth
                     m - +6 ring of dexterity
HPRegen 0.29/turn    r - ring of see invisible
MPRegen 0.22/turn

%: no passive effects
@: mighty
A: hooves 1, magic regeneration, sharp scales 2, condensation shield
a: Renounce Religion, Heroism


You were on level 5 of the Dungeon.
You worshipped Okawaru.
Okawaru was aware of your devotion.
You visited 1 branch of the dungeon, and saw 5 of its levels.

You collected 274 gold pieces.

Inventory:

Hand Weapons
 a - a +0 trident (weapon)
Missiles
 t - 5 poisoned darts (quivered)
 v - a throwing net
Armour
 b - a +0 scale mail (worn)
 c - a +0 buckler (worn)
 o - a +0 cloak (worn)
 p - a +0 helmet (worn)
Jewellery
 m - a +6 ring of dexterity (left hand)
 r - a ring of see invisible (right hand)
 w - a ring of fire
 y - a ring of ice
Scrolls
 f - a scroll of torment
 g - a scroll of enchant armour {unknown}
 h - 2 scrolls of revelation
 j - a scroll of immolation {unknown}
 k - 2 scrolls of teleportation
 l - 2 scrolls of amnesia {unknown}
 n - a scroll of brand weapon {unknown}
 u - a scroll of fog {unknown}
 x - a scroll of noise
Potions
 d - a potion of might
 e - 3 potions of curing
 s - a potion of haste {unknown}
 z - a potion of heal wounds {unknown}
 A - 2 potions of attraction {unknown}
 B - a potion of enlightenment {unknown}


   Skills:
 + Level 4.7 Fighting
 + Level 3.7 Polearms
 + Level 4.4 Armour
 + Level 4.3 Shields
 + Level 3.2 Invocations


You had 6 spell levels left.
You didn't know any spells.
Your spell library contained the following spells:

 Spells                   Type           Power      Damage    Failure   Level
 Magic Dart               Conj           0%         1d3       82%         1
 Mephitic Cloud           Conj/Pois/Air  0%         N/A       99%         3
 Orb of Destruction       Conj           0%         9d5       100%        7
 Call Imp                 Summ           Unusable   N/A       N/A         2
 Summon Guardian Golem    Hex/Summ       Unusable   N/A       N/A         3
 Spellforged Servitor     Conj/Summ      Unusable   N/A       N/A         7

Dungeon Overview and Level Annotations

Branches:
Dungeon (5/15)             Temple (0/1) D:5

Altars:
Dithmenos
Okawaru


Innate Abilities, Weirdness & Mutations

You have large cloven feet.
You regenerate magic rapidly.
You are mostly covered in razor-sharp scales. (AC +2, Slay +2)
A meltable shield of frost defends you. (SH +4)


Message History

Unknown command.
You puncture the centaur!
You kill the centaur!
Okawaru accepts your kill.
Edmund hits you with a +3 flail of protection!
You have reached level 7!
Found a stone staircase leading up.
You see here a +0 shortbow.
You puncture the howler monkey!
The howler monkey is heavily wounded.
The howler monkey hits you. You block the howler monkey's attack.
You puncture the howler monkey!
You kill the howler monkey!
Okawaru accepts your kill.
You can now gain great but temporary skills.
You hit Edmund. Your kick misses Edmund.
Edmund is severely wounded.
Edmund hits you with a +3 flail of protection.
* * * LOW HITPOINT WARNING * * *
Edmund hits you with a +3 flail of protection.
* * * LOW HITPOINT WARNING * * *
You puncture Edmund!
Edmund is almost dead.
Edmund barely misses you.
You puncture Edmund!
Edmund is almost dead.
Edmund hits you with a +3 flail of protection!
* * * LOW HITPOINT WARNING * * *
You puncture Edmund!
You kill Edmund!
Okawaru is honoured by your kill.
Your Invocations skill increases to level 3!
A white imp comes into view.
Items here: ) [ ††.
You see here a +0 shortbow.
You feel better.
There is a stone staircase leading up here.
The white imp gestures at you. The puff of frost hits you!
You die...

#. #.# #.#.##5# #
##.#.##.###.# #....
....#.### #..# .........
###..####.#.#....
#......))......##
#..#####.#$..###.#......
#......@...5(..........#
##########...#########..
##### ###


You could see a white imp.

Vanquished Creatures
  Edmund (D:5)
  A centaur (D:5)
  A phantom (D:5)
  A howler monkey (D:5)
  2 hounds (D:4)
  2 orc priests (D:3)
  2 iguanas (D:5)
  4 gnolls
  5 adders
  2 worms
  16 orcs
  7 endoplasms
  5 giant cockroaches
  6 goblins
  9 hobgoblins
  10 kobolds
  4 quokkas
  6 ball pythons
  8 bats
  5 frilled lizards
  A rat (D:2)
98 creatures vanquished.

Notes
Turn   | Place    | Note
-------+----------+-------------------------------------------
     0 | D:1      | Arex the Demonspawn Fighter began the quest for the Orb.
     0 | D:1      | Reached XP level 1. HP: 18/18 MP: 1/1
   215 | D:1      | Gained mutation: You are partially covered in razor-sharp
                  | scales. (AC +1, Slay +1) [demonic ancestry]
   215 | D:1      | Reached XP level 2. HP: 24/24 MP: 2/2
   933 | D:2      | Gained mutation: You regenerate magic rapidly. [demonic
                  | ancestry]
   933 | D:2      | Reached XP level 3. HP: 28/29 MP: 3/3
  1361 | D:2      | Gained mutation: A meltable shield of frost defends you.
                  | (SH +4) [demonic ancestry]
  1361 | D:2      | Reached XP level 4. HP: 27/35 MP: 4/4
  2078 | D:3      | Gained mutation: You are mostly covered in razor-sharp
                  | scales. (AC +2, Slay +2) [demonic ancestry]
  2078 | D:3      | Reached XP level 5. HP: 29/42 MP: 5/5
  2093 | D:3      | Found a shadowy altar of Dithmenos.
  2194 | D:3      | Found an iron altar of Okawaru.
  2212 | D:3      | Became a worshipper of Warmaster Okawaru
  2624 | D:4      | Reached skill level 1 in Invocations
  2909 | D:4      | Gained mutation: You have large cloven feet. [demonic
                  | ancestry]
  2909 | D:4      | Reached XP level 6. HP: 48/48 MP: 6/6
  3638 | D:5      | Entered Level 5 of the Dungeon
  3648 | D:5      | Found a staircase to the Ecumenical Temple.
  3822 | D:5      | Noticed Edmund
  3833 | D:5      | Reached XP level 7. HP: 19/55 MP: 7/9
  3835 | D:5      | Reached * piety under Okawaru
  3839 | D:5      | Killed Edmund
  3850 | D:5      | Killed from afar by a white imp

Illustrated notes

Levels and vault maps discovered:
D:1:      minmay_arrival_plants_in_alcoves, layout_basic, minmay_door_square
D:2:      layout_basic, kennysheep_generic_room_16
D:3:      layout_rooms, mainiacjoe_overflow_cross_hatched, lemuel_tele_altar
D:4:      layout_loops_corners, serial_rivers, chequers_serial_rivers_large_b,
          chequers_serial_rivers_large_a, chequers_serial_rivers_room_a,
          chequers_serial_rivers_micro_a, chequers_serial_rivers_micro_e,
          chequers_serial_rivers_marsh, palyth_stone_intersect,
          mrwooster_statue_mirror
D:5:      layout_loops_ring, mainiacjoe_overflow_six_doors_small,
          minmay_temple_entry_offerings, uniq_edmund

Skill      XL: |  1  2  3  4  5  6  7 |
---------------+----------------------+-----
Polearms       | 2 3 |  3.7
Armour         | 3 4 |  4.4
Shields        | 3 4 |  4.3
Fighting       | 4 |  4.7
Invocations    | 1 2 3 |  3.2

Action                     |  1- 3 |  4- 6 |  7- 9 || total
---------------------------+-------+-------+-------++-------
  Melee: Trident           |    97 |   209 |     6 ||   312
         Kick              |       |    12 |       ||    12
  Throw: Dart              |       |     4 |       ||     4
    Use: Scroll            |     3 |     3 |       ||     6
         Potion            |       |     1 |     1 ||     2
 Armour: Scale mail        |    47 |   111 |     5 ||   163
  Dodge: Dodged            |    37 |    55 |     1 ||    93
  Block: Buckler           |    13 |    88 |     1 ||   102

Table legend: (Time is in decaauts)
 A = Elapsed time spent in this place.
 B = Non-inter-level travel time spent in this place.
 C = Inter-level travel time spent in this place.
 D = Time resting spent in this place.
 E = Time spent auto-exploring this place.
 F = Levels seen in this place.
 G = Mean time per level.
                   A        B        C        D        E       F      G
               +--------+--------+--------+--------+--------+-----+--------+
         Total |   3976 |   3795 |    181 |    317 |   2739 |   5 |  795.2 |
       Dungeon |   3976 |   3795 |    181 |    317 |   2739 |   5 |  795.2 |
               +--------+--------+--------+--------+--------+-----+--------+

Top non-repeatable levels by time:
     D:4: 1115 daAuts
     D:1: 933 daAuts
     D:3: 917 daAuts
     D:2: 792 daAuts
     D:5: 217 daAuts
